[Event "ICCopen2017"]
[Site "Internet Chess Club"]
[Date "2017.04.02"]
[Round "1"]
[White "Federicov"]
[Black "thxgg"]
[Result "1-0"]
[ICCResult "Black resigns"]
[WhiteElo "3091"]
[BlackElo "1818"]
[Opening "French: Rubinstein variation"]
[ECO "C03"]
[NIC "FR.07"]
[Time "19:03:24"]
[TimeControl "180+0"]

1. e4 e6 2. d4 d5 3. Nd2 dxe4 4. Nxe4 Nd7 5. Nf3 Ngf6 6. Nxf6+ Nxf6 7. c3 c5
8. Be3 Qc7 9. Ne5 Bd7 10. Nxd7 Qxd7 11. Qb3 cxd4 12. Bb5 dxe3 13. Rd1 exf2+
14. Ke2 O-O-O 15. Bxd7+ Nxd7 16. Qc4+ Kb8 17. Rd2 Be7 18. Rhd1 Nb6 19. Qf4+
Kc8 20. Rxd8+ {Black resigns} 1-0

[Event "ICCopen2017"]
[Site "Internet Chess Club"]
[Date "2017.04.02"]
[Round "1"]
[White "kaalzar"]
[Black "UnderArmour"]
[Result "0-1"]
[ICCResult "White resigns"]
[WhiteElo "1328"]
[BlackElo "1922"]
[Opening "French defense"]
[ECO "C00"]
[NIC "FR.01"]
[Time "19:04:13"]
[TimeControl "180+0"]

1. e4 e6 2. Nc3 d5 3. e5 c5 4. d4 cxd4 5. Qxd4 Nc6 6. Bb5 Bd7 7. Bxc6 bxc6
8. Nge2 Ne7 9. Bg5 h6 10. Bh4 g5 11. Bg3 Nf5 12. O-O Nxd4 13. Nxd4 Bg7 14.
f4 O-O 15. f5 exf5 16. Nxf5 Bxf5 17. Rxf5 Qd7 18. Raf1 Rae8 19. Ne2 c5 20.
c4 d4 21. Nc1 d3 22. R5f3 d2 {White resigns} 0-1

[Event "ICCopen2017"]
[Site "Internet Chess Club"]
[Date "2017.04.02"]
[Round "1"]
[White "Machinegun"]
[Black "BeerMeUpScotty"]
[Result "1-0"]
[ICCResult "Black resigns"]
[WhiteElo "2372"]
[BlackElo "1629"]
[Opening "Sicilian: Najdorf, Lipnitzky attack"]
[ECO "B86"]
[NIC "SI.13"]
[Time "19:03:22"]
[TimeControl "180+0"]

1. e4 c5 2. Nf3 d6 3. d4 cxd4 4. Nxd4 Nf6 5. Nc3 a6 6. Bc4 e6 7. g4 Qc7 8.
Bb3 Nc6 9. g5 Nd7 10. Bxe6 Nxd4 11. Bxd7+ Bxd7 12. Qxd4 O-O-O 13. Be3 Qc5
14. O-O-O Qxd4 15. Bxd4 Bc6 16. h4 b5 17. a3 Re8 18. f3 f6 19. gxf6 gxf6 20.
Bxf6 Bh6+ 21. Bg5 Bxg5+ 22. hxg5 Ref8 23. Rxd6 Kc7 24. Rhh6 Bd7 25. Rxa6
Rxf3 26. g6 Rhf8 27. Rxh7 Rf1+ 28. Kd2 R8f2+ 29. Ne2 Kd8 30. Ra8+ Kc7 31.
Ra7+ Kd8 32. Rhxd7+ {Black resigns} 1-0

[Event "ICCopen2017"]
[Site "Internet Chess Club"]
[Date "2017.04.02"]
[Round "1"]
[White "ChessOptimist"]
[Black "Salvatore"]
[Result "1-0"]
[ICCResult "Black resigns"]
[WhiteElo "2033"]
[BlackElo "1433"]
[Opening "Bird: From gambit"]
[ECO "A02"]
[NIC "VO.07"]
[Time "19:03:34"]
[TimeControl "180+0"]

1. f4 e5 2. d3 exf4 3. Bxf4 d6 4. e4 Nf6 5. g3 Be7 6. Bg2 O-O 7. Nf3 Nc6 8.
O-O Bg4 9. c3 a5 10. h3 Bh5 11. g4 Nxg4 12. hxg4 Bxg4 13. Nbd2 a4 14. a3 Re8
15. Qe1 Bf8 16. Qg3 h5 17. Bh3 Qd7 18. Bxg4 hxg4 19. Nh2 Ne5 20. d4 Nf3+ 21.
Nhxf3 gxf3 22. Rxf3 Rxe4 23. Nxe4 Re8 24. Nf6+ {Black resigns} 1-0

[Event "ICCopen2017"]
[Site "Internet Chess Club"]
[Date "2017.04.02"]
[Round "1"]
[White "chigato"]
[Black "lsokol"]
[Result "0-1"]
[ICCResult "White resigns"]
[WhiteElo "1627"]
[BlackElo "2369"]
[Opening "Old Indian: Ukrainian variation"]
[ECO "A53"]
[NIC "OI.04"]
[Time "19:04:45"]
[TimeControl "180+0"]

1. d4 Nf6 2. c4 d6 3. Nc3 e5 4. d5 Nbd7 5. e4 Nc5 6. f3 a5 7. Bd3 g6 8. Bc2
Bg7 9. Nge2 O-O 10. Be3 Nfd7 11. Qd2 f5 12. exf5 gxf5 13. Bh6 Qh4+ 14. g3
Qxh6 15. f4 e4 16. Nd4 Bxd4 17. Qxd4 Qf6 18. Qd2 Nb6 19. b3 a4 {White
resigns} 0-1

[Event "ICCopen2017"]
[Site "Internet Chess Club"]
[Date "2017.04.02"]
[Round "1"]
[White "croder"]
[Black "JustinL"]
[Result "0-1"]
[ICCResult "White resigns"]
[WhiteElo "1592"]
[BlackElo "2294"]
[Opening "French defense"]
[ECO "C00"]
[NIC "FR.01"]
[Time "19:03:26"]
[TimeControl "180+0"]

1. e4 e6 2. Nc3 d5 3. exd5 exd5 4. d4 c6 5. Nf3 Bd6 6. Be3 Ne7 7. Be2 Bg4 8.
Qd2 Nd7 9. O-O-O Qc7 10. Kb1 O-O-O 11. h3 Bh5 12. g4 Bg6 13. Nh4 Kb8 14.
Nxg6 hxg6 15. f4 Nf6 16. a3 Rde8 17. Bf3 Qd7 18. g5 Nh5 19. Bg4 Qc7 20. Bxh5
Rxh5 21. Rdf1 Nf5 22. Nd1 Reh8 23. h4 Rxh4 24. Rxh4 Rxh4 25. Bf2 Rxf4 26. c3
a6 27. Rh1 Qd8 28. Bg3 Nxg3 29. Rh3 Ne4 30. Qg2 Qxg5 31. Qh1 Nf2 32. Nxf2
Rxf2 33. Rh8+ Ka7 34. Ka2 Qd2 35. Qb1 Qxc3 36. Rd8 Bxa3 {White resigns} 0-1

[Event "ICCopen2017"]
[Site "Internet Chess Club"]
[Date "2017.04.02"]
[Round "1"]
[White "Nathan-L"]
[Black "TerryR"]
[Result "0-1"]
[ICCResult "White resigns"]
[WhiteElo "1726"]
[BlackElo "2581"]
[Opening "Queen's pawn"]
[ECO "A40"]
[NIC "QO.17"]
[Time "19:04:19"]
[TimeControl "180+0"]

1. d4 e6 2. Bf4 Nf6 3. e3 b6 4. Nf3 Bb7 5. Be2 Be7 6. O-O O-O 7. h3 d6 8. c4
Nbd7 9. Nc3 Re8 10. Qc2 Bf8 11. Rad1 Qe7 12. b4 a5 13. b5 h6 14. a4 g5 15.
Bh2 Bg7 16. e4 Nh5 17. Nd2 Nf4 18. Bxf4 gxf4 19. d5 Nc5 20. Bf3 Qg5 21. Nb3
Nd7 22. Ne2 Ne5 23. Qd3 Nxd3 {White resigns} 0-1

[Event "ICCopen2017"]
[Site "Internet Chess Club"]
[Date "2017.04.02"]
[Round "1"]
[White "MyLien"]
[Black "Mohammadmin"]
[Result "0-1"]
[ICCResult "White resigns"]
[WhiteElo "1510"]
[BlackElo "2148"]
[Opening "Giuoco Piano"]
[ECO "C50"]
[NIC "IG.02"]
[Time "19:04:25"]
[TimeControl "180+0"]

1. e4 e5 2. Nf3 Nc6 3. Bc4 Bc5 4. d4 Bxd4 5. c3 Bc5 6. Qd5 Qe7 7. Ng5 Nh6 8.
b4 Bb6 9. a4 a6 10. a5 Ba7 11. b5 axb5 12. Bxb5 O-O 13. O-O d6 14. Bxc6 bxc6
15. Qxc6 Ba6 16. Re1 Ng4 17. Qxa6 Bxf2+ {White resigns} 0-1

[Event "ICCopen2017"]
[Site "Internet Chess Club"]
[Date "2017.04.02"]
[Round "1"]
[White "jbow79"]
[Black "BenkoChess"]
[Result "0-1"]
[ICCResult "White resigns"]
[WhiteElo "931"]
[BlackElo "1787"]
[Opening "Queen's pawn game, Darooha variation "]
[ECO "D02"]
[NIC "QP.08"]
[Time "19:03:38"]
[TimeControl "180+0"]

1. d4 d5 2. Nf3 Nf6 3. g3 c6 4. Bg2 Bf5 5. O-O e6 6. e3 h6 7. Nbd2 Be7 8. c4
O-O 9. cxd5 exd5 10. b3 a5 11. Bb2 a4 12. bxa4 Qa5 13. Ne5 Qxa4 14. Qxa4
Rxa4 15. Nb3 Na6 16. a3 Ra8 17. Nc5 Nxc5 18. dxc5 Bxc5 {White resigns} 0-1

[Event "ICCopen2017"]
[Site "Internet Chess Club"]
[Date "2017.04.02"]
[Round "1"]
[White "hecan58"]
[Black "RobertoJBM"]
[Result "0-1"]
[ICCResult "White resigns"]
[WhiteElo "1734"]
[BlackElo "2630"]
[Opening "Caro-Kann: Panov-Botvinnik attack, 5...e6"]
[ECO "B14"]
[NIC "CK.03"]
[Time "19:03:26"]
[TimeControl "180+0"]

1. e4 c6 2. d4 d5 3. exd5 cxd5 4. c4 Nf6 5. Nc3 e6 6. Nf3 Be7 7. cxd5 Nxd5
8. Bd3 Nc6 9. O-O O-O 10. Re1 Nf6 11. Bg5 b6 12. Ne5 Bb7 13. Nxc6 Bxc6 14.
Bc2 Nd5 15. Qd3 g6 16. Bh6 Nb4 17. Qd2 Nxc2 18. Qxc2 Re8 19. Rad1 Bf6 20. d5
exd5 21. Rxe8+ Qxe8 22. Nxd5 Bxd5 {White resigns} 0-1

[Event "ICCopen2017"]
[Site "Internet Chess Club"]
[Date "2017.04.02"]
[Round "1"]
[White "see101"]
[Black "tirandopiezas"]
[Result "0-1"]
[ICCResult "White resigns"]
[WhiteElo "1423"]
[BlackElo "2018"]
[Opening "Giuoco Pianissimo"]
[ECO "C55"]
[NIC "IG.01"]
[Time "19:03:52"]
[TimeControl "180+0"]

1. e4 e5 2. Nf3 Nc6 3. Bc4 Nf6 4. d3 Bc5 5. O-O d6 6. h3 h6 7. c3 Bb6 8. b4
g5 9. Nh2 Ne7 10. Qb3 Rh7 11. Nd2 Ng6 12. Kh1 Nh5 13. Ndf3 Nhf4 14. Bxf4
Nxf4 15. g4 Nxh3 16. Kg2 Nf4+ 17. Kg3 h5 18. gxh5 g4 19. Nxg4 Bxg4 20. Kxg4
Qd7+ 21. Kg3 O-O-O {White resigns} 0-1

[Event "ICCopen2017"]
[Site "Internet Chess Club"]
[Date "2017.04.02"]
[Round "1"]
[White "sanguine"]
[Black "Strider25"]
[Result "0-1"]
[ICCResult "White resigns"]
[WhiteElo "1027"]
[BlackElo "1829"]
[Opening "Robatsch (modern) defense"]
[ECO "B06"]
[NIC "KF.05"]
[Time "19:05:01"]
[TimeControl "180+0"]

1. e4 g6 2. d4 Bg7 3. Nf3 c5 4. d5 d6 5. Bc4 Nf6 6. O-O Nxe4 7. Nc3 Nxc3 8.
Qd3 b5 9. Re1 bxc4 10. Rxe7+ Qxe7 11. Qxc4 Ba6 12. Qf4 O-O {White resigns}
0-1

[Event "ICCopen2017"]
[Site "Internet Chess Club"]
[Date "2017.04.02"]
[Round "1"]
[White "SurferRosa"]
[Black "TudoracheM"]
[Result "1-0"]
[ICCResult "Black checkmated"]
[WhiteElo "2602"]
[BlackElo "1728"]
[Opening "Queen's pawn: London system"]
[ECO "A45"]
[NIC "QP.07"]
[Time "19:03:41"]
[TimeControl "180+0"]

1. d4 Nf6 2. Bf4 g6 3. Nc3 d6 4. e4 Bg7 5. Qd2 h6 6. O-O-O Nc6 7. d5 Ne5 8.
Be2 Nh5 9. Bxh5 gxh5 10. Nge2 Ng4 11. Nd4 a6 12. h3 Ne5 13. Qe2 b5 14. Qxh5
b4 15. Nce2 Bd7 16. Ng3 Rc8 17. Ngf5 Kf8 18. Nxg7 Kxg7 19. Bxe5+ dxe5 20.
Qxe5+ f6 21. Qg3+ Kf7 22. Ne6 Qg8 23. Qf3 Bxe6 24. dxe6+ Kxe6 25. Qb3+ Ke5
26. Rd5+ Kf4 27. Qe3# {Black checkmated} 1-0

[Event "ICCopen2017"]
[Site "Internet Chess Club"]
[Date "2017.04.02"]
[Round "1"]
[White "takes-takes"]
[Black "dashingfox"]
[Result "0-1"]
[ICCResult "White resigns"]
[WhiteElo "1215"]
[BlackElo "1853"]
[Opening "KGD: classical variation"]
[ECO "C30"]
[NIC "KG.05"]
[Time "19:03:37"]
[TimeControl "180+0"]

1. e4 e5 2. f4 Bc5 3. Nf3 d6 4. Bc4 Nf6 5. Nc3 Bg4 6. d3 Nc6 7. Bb5 O-O 8.
Bxc6 bxc6 9. Qe2 exf4 10. d4 Bxd4 11. Bxf4 Bxc3+ 12. bxc3 Re8 13. O-O Rxe4
14. Qd2 Bxf3 15. Rxf3 Qe7 16. Raf1 Nd5 17. Bg5 f6 18. c4 Re2 19. Qxe2 Qxe2
20. cxd5 fxg5 21. R1f2 Qe1+ 22. Rf1 Qe2 23. dxc6 Qxc2 24. h4 gxh4 25. Rh3
Qc5+ 26. Kh2 Qxc6 27. Rxh4 d5 28. g4 d4 29. g5 d3 30. g6 Qxg6 31. Rg1 Qd6+
32. Kh3 d2 33. Rhg4 g6 {White resigns} 0-1

[Event "ICCopen2017"]
[Site "Internet Chess Club"]
[Date "2017.04.02"]
[Round "1"]
[White "NWRiver"]
[Black "Enemigoalacecho"]
[Result "0-1"]
[ICCResult "White checkmated"]
[WhiteElo "1606"]
[BlackElo "2307"]
[Opening "Petrov's defense"]
[ECO "C42"]
[NIC "RG.01"]
[Time "19:03:26"]
[TimeControl "180+0"]

1. e4 e5 2. Nf3 Nf6 3. d3 Nc6 4. Be2 Bc5 5. h3 d6 6. c3 h6 7. b3 a6 8. Bb2
Ba7 9. a3 Ne7 10. Qc2 Ng6 11. O-O Qe7 12. Nbd2 Nh5 13. Rfe1 Nhf4 14. Bf1 O-O
15. d4 Kh8 16. Rac1 c6 17. dxe5 dxe5 18. c4 Nh4 19. Bxe5 Nhg6 20. Bb2 a5 21.
c5 Be6 22. b4 axb4 23. axb4 Rad8 24. Bc4 Bb8 25. Bxe6 fxe6 26. Qc3 e5 27.
Nc4 Rd3 28. Qc2 Rxf3 29. gxf3 Qg5+ 30. Kf1 Qg2# {White checkmated} 0-1

[Event "ICCopen2017"]
[Site "Internet Chess Club"]
[Date "2017.04.02"]
[Round "1"]
[White "elifly6"]
[Black "DreadHead"]
[Result "0-1"]
[ICCResult "White resigns"]
[WhiteElo "1690"]
[BlackElo "2469"]
[Opening "Robatsch (modern) defense"]
[ECO "B06"]
[NIC "KF.05"]
[Time "19:04:07"]
[TimeControl "180+0"]

1. e4 g6 2. d4 Bg7 3. Nc3 d6 4. Be3 Nf6 5. Nf3 O-O 6. h3 Nc6 7. Bd3 e5 8. d5
Nb4 9. Qd2 Nxd3+ 10. cxd3 Nh5 11. g4 Nf4 12. Bxf4 exf4 13. Qxf4 c6 14. O-O-O
Qa5 15. Qd2 b5 16. Kb1 b4 17. Ne2 cxd5 18. h4 dxe4 19. Ng5 exd3 20. Qxd3 h6
21. Nh3 Bxg4 22. Rd2 Bf5 {White resigns} 0-1

[Event "ICCopen2017"]
[Site "Internet Chess Club"]
[Date "2017.04.02"]
[Round "1"]
[White "TheSettersDad"]
[Black "Baltimora"]
[Result "0-1"]
[ICCResult "White resigns"]
[WhiteElo "1543"]
[BlackElo "2192"]
[Opening "Czech Benoni defense"]
[ECO "A56"]
[NIC "OI.05"]
[Time "19:04:25"]
[TimeControl "180+0"]

1. d4 Nf6 2. c4 c5 3. d5 e5 4. Nc3 d6 5. e4 Nbd7 6. Bd3 a6 7. a4 Be7 8. h3
Nf8 9. g4 Ng6 10. Nge2 h5 11. g5 Nh7 12. h4 Bg4 13. Rf1 f6 14. f3 Bh3 15.
Rh1 Bg2 16. Ng3 Bxh1 17. Nxh1 Nxh4 18. Ng3 g6 19. Be3 Ng2+ 20. Kf2 Nxe3 21.
Kxe3 fxg5 {White resigns} 0-1

[Event "ICCopen2017"]
[Site "Internet Chess Club"]
[Date "2017.04.02"]
[Round "1"]
[White "MichailovM"]
[Black "Massada"]
[Result "1-0"]
[ICCResult "Black checkmated"]
[WhiteElo "2213"]
[BlackElo "1544"]
[Opening "Ruy Lopez: Berlin defense"]
[ECO "C65"]
[NIC "RL.07"]
[Time "19:04:31"]
[TimeControl "180+0"]

1. e4 e5 2. Nf3 Nc6 3. Bb5 Nf6 4. d3 Bc5 5. Bxc6 dxc6 6. Nbd2 O-O 7. O-O Re8
8. Nc4 Bg4 9. h3 Bxf3 10. Qxf3 b5 11. Ne3 Be7 12. Nf5 Qd7 13. Bg5 Nd5 14.
Qg4 Nb6 15. Bxe7 Rxe7 16. Qxg7# {Black checkmated} 1-0

[Event "ICCopen2017"]
[Site "Internet Chess Club"]
[Date "2017.04.02"]
[Round "1"]
[White "NEO2017"]
[Black "adypady"]
[Result "0-1"]
[ICCResult "White resigns"]
[WhiteElo "1706"]
[BlackElo "2459"]
[Opening "Trompowsky attack (Ruth, Opocenský opening)"]
[ECO "A45"]
[NIC "QP.07"]
[Time "19:03:19"]
[TimeControl "180+0"]

1. d4 Nf6 2. Bg5 d5 3. e3 c5 4. Bxf6 gxf6 5. dxc5 Nc6 6. Nc3 e6 7. Nf3 Bxc5
8. Bb5 Bd7 9. Qd2 f5 10. Na4 Be7 11. Nc3 Bf6 12. O-O-O Qa5 13. Bxc6 bxc6 14.
Nd4 Rb8 15. Nb3 Qb4 16. a3 Qb6 17. Na4 Qb5 18. Nac5 Bc8 19. Qb4 Qxb4 20.
axb4 Rxb4 21. c3 Rb5 22. Kc2 Be7 23. Nd3 c5 24. Nd2 c4 25. Ne5 Bd6 26. Nc6
Bd7 27. Nxa7 Ra5 28. Ra1 Ba4+ 29. b3 cxb3+ 30. Kb2 Rxa7 31. Nxb3 Ke7 32. g3
Rb8 {White resigns} 0-1

[Event "ICCopen2017"]
[Site "Internet Chess Club"]
[Date "2017.04.02"]
[Round "1"]
[White "CIROVICZCHESS"]
[Black "Nos"]
[Result "0-1"]
[ICCResult "White resigns"]
[WhiteElo "1536"]
[BlackElo "2186"]
[Opening "French: Winawer (Nimzovich) variation"]
[ECO "C15"]
[NIC "FR.08"]
[Time "19:04:35"]
[TimeControl "180+0"]

1. e4 e6 2. d4 d5 3. Nc3 Bb4 4. Qg4 Nf6 5. Qxg7 Rg8 6. Qh6 dxe4 7. Bg5 Nbd7
8. Bxf6 Qxf6 9. Qxf6 Nxf6 10. Ne2 b6 11. O-O-O Bb7 12. a3 Be7 13. Nf4 O-O-O
14. Rg1 Ng4 15. h3 Nxf2 16. Rd2 e3 17. Re2 Bg5 18. Nd3 Rxd4 19. Nxf2 exf2+
20. Kb1 fxg1=Q 21. Re1 Qf2 22. Nd1 Qxe1 {White resigns} 0-1

[Event "ICCopen2017"]
[Site "Internet Chess Club"]
[Date "2017.04.02"]
[Round "1"]
[White "GregoryHouse"]
[Black "rencoroso"]
[Result "1-0"]
[ICCResult "Black resigns"]
[WhiteElo "1731"]
[BlackElo "2008"]
[Opening "Sicilian"]
[ECO "B50"]
[NIC "SI.01"]
[Time "19:03:45"]
[TimeControl "180+0"]

1. e4 c5 2. Nf3 d6 3. c3 Nf6 4. h3 g6 5. Bd3 Bg7 6. O-O O-O 7. Bc2 Nc6 8. d4
cxd4 9. cxd4 b6 10. Re1 Bb7 11. a3 Rc8 12. Nc3 Na5 13. Bd3 Nc4 14. Qe2 Na5
15. Bg5 Re8 16. Rad1 Qc7 17. Bf4 Nc4 18. Nb5 Qd7 19. Bxc4 Rxc4 20. Qxc4 Ba6
21. a4 Rc8 22. Qb3 Bb7 23. Nxa7 Bxe4 24. Nxc8 Bd5 25. Nxb6 Qf5 26. Nxd5 Nxd5
27. Bg3 h5 28. a5 Nf4 29. a6 h4 30. Bxf4 Qxf4 31. a7 {Black resigns} 1-0

[Event "ICCopen2017"]
[Site "Internet Chess Club"]
[Date "2017.04.02"]
[Round "1"]
[White "VrloJakMK"]
[Black "domti"]
[Result "0-1"]
[ICCResult "White resigns"]
[WhiteElo "2050"]
[BlackElo "1700"]
[Opening "Nimzo-Indian: 4.e3, main line"]
[ECO "E59"]
[NIC "NI.01"]
[Time "19:04:20"]
[TimeControl "180+0"]

1. d4 Nf6 2. c4 e6 3. Nc3 Bb4 4. e3 O-O 5. Bd3 c5 6. Nf3 d5 7. O-O Nc6 8. a3
Bxc3 9. bxc3 dxc4 10. Bxc4 Qc7 11. Bd3 b6 12. e4 e5 13. d5 Na5 14. Nd2 c4
15. Be2 Nd7 16. Kh1 Nc5 17. f3 b5 18. a4 Nxa4 19. Qc2 Bd7 20. Ba3 Rfe8 21.
Rfb1 a6 22. Nf1 Nb7 23. Ne3 Nbc5 24. Ra2 Rab8 25. Bf1 a5 26. Qd2 Nb3 27. Qf2
Nxc3 28. Rbb2 Nxa2 29. Rxa2 b4 30. Bb2 c3 31. Ba1 Nxa1 32. Rxa1 b3
{White resigns}
0-1

[Event "ICCopen2017"]
[Site "Internet Chess Club"]
[Date "2017.04.02"]
[Round "1"]
[White "SIRPALADIN"]
[Black "ziggyalbert"]
[Result "1-0"]
[ICCResult "Black resigns"]
[WhiteElo "1863"]
[BlackElo "1271"]
[Opening "QGD Slav: 4.e3"]
[ECO "D11"]
[NIC "SL.01"]
[Time "19:04:31"]
[TimeControl "180+0"]

1. d4 d5 2. c4 c6 3. e3 Nf6 4. Nf3 Nbd7 5. Nbd2 g6 6. b4 Bg7 7. Bb2 O-O 8.
Be2 e6 9. a4 a6 10. O-O Ne8 11. b5 axb5 12. axb5 Rxa1 13. Qxa1 cxb5 14. cxd5
exd5 15. Ba3 Ndf6 16. Bxf8 Kxf8 17. Bxb5 Qb6 18. Bxe8 Kxe8 19. Rb1 Qe6 20.
Rc1 Kf8 21. Qa8 {Black resigns} 1-0

[Event "ICCopen2017"]
[Site "Internet Chess Club"]
[Date "2017.04.02"]
[Round "1"]
[White "Ricardov"]
[Black "WobblySquares"]
[Result "1-0"]
[ICCResult "Black resigns"]
[WhiteElo "2273"]
[BlackElo "1575"]
[Opening "Alekhine's defense: Maróczy variation"]
[ECO "A00"]
[NIC "VO.13"]
[Time "19:04:51"]
[TimeControl "180+0"]

1. d3 Nf6 2. e4 e5 3. f4 d6 4. Nf3 Nc6 5. g3 Bg4 6. Nbd2 Be7 7. Bg2 O-O 8.
h3 Bd7 9. f5 Nh5 10. Nf1 Bf6 11. Nxe5 Nxg3 12. Nxc6 Bxc6 13. Nxg3 Bh4 14.
Qg4 Re8 15. O-O d5 16. Nh5 g6 17. f6 g5 18. Bxg5 {Black resigns} 1-0

[Event "ICCopen2017"]
[Site "Internet Chess Club"]
[Date "2017.04.02"]
[Round "1"]
[White "Ecalevol123"]
[Black "Sam08"]
[Result "0-1"]
[ICCResult "White resigns"]
[WhiteElo "1669"]
[BlackElo "2433"]
[Opening "Richter-Veresov attack"]
[ECO "D01"]
[NIC "QP.07"]
[Time "19:04:00"]
[TimeControl "180+0"]

1. d4 Nf6 2. Nc3 d5 3. Bg5 c5 4. Bxf6 gxf6 5. e3 e6 6. Nf3 Qb6 7. Rb1 Nc6 8.
Be2 cxd4 9. exd4 f5 10. O-O Bg7 11. Bb5 Bd7 12. Bxc6 Bxc6 13. Re1 O-O-O 14.
Ne5 Qc7 15. f4 h5 16. b4 Be8 17. Qd3 h4 18. Nb5 Qb6 19. Nc3 Bf6 20. a4 Kb8
21. a5 Qc7 22. Nb5 Qe7 23. Nc3 Rc8 24. Na4 Bxa4 25. b5 Bxc2 {White resigns}
0-1

[Event "ICCopen2017"]
[Site "Internet Chess Club"]
[Date "2017.04.02"]
[Round "1"]
[White "simplerxiao"]
[Black "aravind6904"]
[Result "1-0"]
[ICCResult "Black resigns"]
[WhiteElo "1978"]
[BlackElo "1398"]
[Opening "Sicilian: Taimanov variation"]
[ECO "B45"]
[NIC "SI.36"]
[Time "19:03:51"]
[TimeControl "180+0"]

1. e4 c5 2. Nf3 Nc6 3. d4 cxd4 4. Nxd4 e6 5. Nc3 Nf6 6. Ndb5 d6 7. Bf4 e5 8.
Bg5 a6 9. Na3 Be7 10. Nc4 O-O 11. Bxf6 Bxf6 12. Qxd6 Be6 13. Rd1 Bxc4 14.
Bxc4 Qxd6 15. Rxd6 Rfd8 16. Rxd8+ Rxd8 17. Nd5 Nd4 18. c3 Nc6 19. Nxf6+ gxf6
20. Ke2 Kf8 21. Rd1 Ke7 22. Rxd8 Nxd8 23. Bd5 b6 24. b4 a5 25. Kd3 axb4 26.
cxb4 Kd6 27. Kc4 Kc7 28. a4 Kd6 29. a5 bxa5 30. bxa5 Kc7 31. Kc5 Ne6+ 32.
Bxe6 fxe6 33. a6 f5 34. f3 fxe4 35. fxe4 h5 36. h4 Kb8 37. Kd6 Ka7 38. Kxe5
Kxa6 39. Kxe6 Kb5 40. Kd6 Kc4 41. e5 Kd4 42. e6 {Black resigns} 1-0

[Event "ICCopen2017"]
[Site "Internet Chess Club"]
[Date "2017.04.02"]
[Round "1"]
[White "TheDonald"]
[Black "Kjaan1974"]
[Result "1-0"]
[ICCResult "Black resigns"]
[WhiteElo "2152"]
[BlackElo "1517"]
[Opening "Vienna game"]
[ECO "C25"]
[NIC "VG.04"]
[Time "19:04:32"]
[TimeControl "180+0"]

1. e4 e5 2. Nc3 d6 3. Bc4 h6 4. d3 Nf6 5. Nge2 c6 6. O-O Be7 7. f4 b5 8. Bb3
exf4 9. Nxf4 a5 10. a4 b4 11. Nce2 Bb7 12. Ng3 Nbd7 13. Nf5 g5 14. Nh5 Rh7
15. Be3 Ne5 16. Nxe7 Kxe7 17. Nxf6 Rg7 18. Ng4 Nxg4 19. Qxg4 Bc8 20. Qf3 Kd7
21. Bd4 Rh7 22. Qf5+ Kc7 23. Qxh7 Kb7 24. Rxf7+ {Black resigns} 1-0

[Event "ICCopen2017"]
[Site "Internet Chess Club"]
[Date "2017.04.02"]
[Round "1"]
[White "Ninjakiwi17"]
[Black "ZonaLeste"]
[Result "1-0"]
[ICCResult "Black resigns"]
[WhiteElo "2375"]
[BlackElo "1661"]
[Opening "Caro-Kann: two knights, 3...Bg4"]
[ECO "B11"]
[NIC "CK.01"]
[Time "19:03:40"]
[TimeControl "180+0"]

1. e4 c6 2. Nc3 d5 3. Nf3 Bg4 4. h3 Bxf3 5. Qxf3 Nf6 6. g3 e6 7. Bg2 Be7 8.
O-O O-O 9. d3 Nbd7 10. Bd2 Ne5 11. Qe2 d4 12. Nd1 Ned7 13. f4 e5 14. f5 Ne8
15. Nf2 Bg5 16. g4 Bxd2 17. Qxd2 f6 18. h4 Kh8 19. g5 Rg8 20. Ng4 Qe7 21. g6
hxg6 22. fxg6 f5 23. Rxf5 Qxh4 24. Nxe5 Nxe5 25. Rxe5 Nf6 26. Rf1 Ng4 27.
Qf4 Raf8 28. Rf5 Rxf5 29. exf5 Re8 30. Bf3 Ne3 31. Qxh4+ {Black resigns} 1-0

[Event "ICCopen2017"]
[Site "Internet Chess Club"]
[Date "2017.04.02"]
[Round "1"]
[White "HuevosDeLeon"]
[Black "RWu"]
[Result "1-0"]
[ICCResult "Black resigns"]
[WhiteElo "2524"]
[BlackElo "1707"]
[Opening "Queen's pawn: London system"]
[ECO "A45"]
[NIC "QP.07"]
[Time "19:03:19"]
[TimeControl "180+0"]

1. d4 Nf6 2. Bf4 g6 3. e3 Bg7 4. Nf3 d6 5. Be2 Nbd7 6. O-O O-O 7. h3 Ne8 8.
Bh2 f5 9. c3 c6 10. Qb3+ Kh8 11. Ng5 Ndf6 12. Ne6 Bxe6 13. Qxe6 Qd7 14. Qb3
Nc7 15. Nd2 Ne6 16. Bc4 d5 17. Bd3 c5 18. Bb5 Qd8 19. Nf3 Ne4 20. Rfd1 c4
21. Qa3 a6 22. Ba4 b5 23. Bc2 Bh6 24. Re1 Qd7 25. b3 N6g5 26. Ne5 Qc8 27.
bxc4 bxc4 28. Qxe7 Bg7 29. Bxe4 Nxe4 30. Nf7+ Kg8 31. Nd6 Qc6 32. Qe6+ Kh8
33. Nf7+ Rxf7 34. Qxc6 Raf8 35. Qxd5 Nxc3 36. Qxc4 Ne4 37. Qxa6 Rd7 38. a4
{Black resigns}
1-0

[Event "ICCopen2017"]
[Site "Internet Chess Club"]
[Date "2017.04.02"]
[Round "1"]
[White "GideonL"]
[Black "markovichgoran"]
[Result "0-1"]
[ICCResult "White resigns"]
[WhiteElo "1630"]
[BlackElo "2373"]
[Opening "Four knights: Italian variation"]
[ECO "C47"]
[NIC "KP.06"]
[Time "19:03:49"]
[TimeControl "180+0"]

1. e4 e5 2. Nf3 Nc6 3. Nc3 Nf6 4. Bc4 Bb4 5. d3 O-O 6. O-O Bxc3 7. bxc3 d5
8. Bxd5 Nxd5 9. exd5 Qxd5 10. c4 Qd6 11. Be3 Bg4 12. h3 Bh5 13. g4 Bg6 14.
Nd2 f5 15. f3 Rad8 16. Bg5 Rde8 17. Nb3 h6 18. Be3 fxg4 19. Bc5 Qd8 20. Bxf8
Rxf8 21. fxg4 Re8 22. Qf3 a5 23. Qd5+ Qxd5 24. cxd5 Nb4 25. Rac1 a4 26. Nc5
b6 27. Ne6 Nxd5 28. c4 Nb4 29. Nxc7 Rc8 30. Nd5 Nxd3 31. Rc3 Kh7 32. Nxb6
Rc6 33. Nxa4 Ra6 34. Rf3 e4 35. Rfxd3 exd3 36. Nc5 d2 {White resigns} 0-1

[Event "ICCopen2017"]
[Site "Internet Chess Club"]
[Date "2017.04.02"]
[Round "1"]
[White "cheslikeyomama"]
[Black "maxhappy"]
[Result "0-1"]
[ICCResult "White resigns"]
[WhiteElo "1431"]
[BlackElo "2028"]
[Opening "Queen's pawn game"]
[ECO "D00"]
[NIC "QP.08"]
[Time "19:04:02"]
[TimeControl "180+0"]

1. d4 d5 2. e3 e6 3. f4 Nf6 4. Nf3 c5 5. c3 Nbd7 6. Bd3 a6 7. Ne5 Bd6 8. O-O
Qc7 9. g4 Ne4 10. Qf3 f5 11. gxf5 exf5 12. Qh5+ g6 13. Nxg6 Ndf6 14. Qh3 Rg8
15. Bxe4 fxe4 16. Qh4 Rxg6+ 17. Kh1 Bf5 18. Nd2 Qe7 19. b3 O-O-O 20. Ba3 b6
21. dxc5 bxc5 22. c4 d4 23. Rg1 dxe3 24. Rxg6 hxg6 25. Nf1 Ng4 26. Qxe7 Bxe7
27. h3 e2 28. hxg4 exf1=Q+ 29. Rxf1 Bxg4 30. Kh2 Bf3 31. Kg3 Rh8 32. Rf2
Bh4+ {White resigns} 0-1